AoeStats
← Ouch

Nomad

510045060Analyzed
4v4 RM · 3d ago on Sep 29, 2026· 66m 32s· 8 players
Game mode
Random Map
Map size
231×231
Population
200
Speed
Normal
Resources
Standard
Victory
Conquest
Starting age
Dark Age
Ending age
Imperial Age
RankedLock teamsTeams togetherTeam positionsShared explorationLock speedFull tech treeHidden civsTurbo modeCheats
Victory
Defeat
🇯🇵 Hindustanis · Japan
1758
+15
🇻🇳 Aztecs · Vietnam
1739
+16
🇨🇳 Wu · China
1694
+18
🇨🇳 Celts · China
1655
+20
🇲🇽 Mapuche · Mexico
1931
-23
🇺🇦 Huns · Ukraine
1795
-20
🇲🇽 Vikings · Mexico
1727
-17
🇲🇽 Maya · Mexico
1518
-11
VENÓN | El Claut_One
5:03 Loom
13:13 Feudal Age
13:52 Double-Bit Axe
16:05 Fletching
17:19 Fishing Lines
20:23 Castle Age
18:26 Horse Collar
18:40 Gold Mining
21:01 Bodkin Arrow
20:27 Crossbowman
22:01 Bow Saw
26:36 Ballistics
29:14 Horse Collar
30:55 Town Watch
32:54 Padded Archer Armor
36:31 Imperial Age
36:15 Scale Mail Armor
38:06 Bracer
39:36 Chemistry
40:02 Hoardings
43:23 Chain Mail Armor
43:01 Arbalester
44:58 Plate Mail Armor
44:45 Stone Mining
45:39 Conscription
46:08 Elite Berserk
48:02 Elite Skirmisher
50:16 Masonry
51:10 Hoardings
50:12 Elite Varangian Guard
50:53 Squires
59:20 Forging
22LaPollaPls
4:16 Loom
14:22 Feudal Age
14:55 Double-Bit Axe
16:17 Fletching
23:13 Castle Age
34:03 Bow Saw
35:04 Horse Collar
37:50 Wheelbarrow
42:53 Imperial Age
40:54 Gold Mining
40:55 Stone Mining
41:50 Heavy Plow
42:11 Scale Mail Armor
42:57 Squires
42:18 Eagle Warrior
43:33 Chain Mail Armor
43:50 Elite Eagle Warrior
45:19 Plate Mail Armor
45:41 Forging
47:20 Holcans
47:39 Iron Casting
48:40 Conscription
49:24 Blast Furnace
52:02 Arson
54:34 Guilds
55:22 Hand Cart
56:11 Two-Man Saw
56:26 Bodkin Arrow
57:25 Ballistics
58:04 Bracer
58:05 Padded Archer Armor
58:03 Elite Skirmisher
58:48 Thumb Ring
58:30 Crossbowman
59:39 Leather Archer Armor
58:59 Arbalester
61:16 Ring Archer Armor
Pan
10:53 Loom
11:12 Loom
13:28 Feudal Age
14:31 Double-Bit Axe
17:05 Castle Age
15:41 Fletching
16:16 Gold Mining
16:44 Fishing Lines
17:41 Bodkin Arrow
19:02 Wheelbarrow
20:59 Town Watch
23:30 Bow Saw
24:11 Horse Collar
25:29 Wheelbarrow
25:02 Heavy Plow
30:05 Ballistics
36:13 Imperial Age
34:52 Hand Cart
35:20 Padded Archer Armor
36:14 Gold Shaft Mining
35:30 Stone Mining
36:55 Stone Shaft Mining
36:48 Leather Archer Armor
36:37 Malon
36:49 Elite Bolas Rider
38:36 Conscription
39:32 Chemistry
39:23 Forging
40:29 Masonry
41:23 Hoardings
40:37 Elite Kona
42:15 Iron Casting
53:05 Leather Archer Armor
56:27 Elite Skirmisher
58:04 Ring Archer Armor
62:59 Siege Engineers
63:24 Onager
Ouch
9:31 Loom
12:11 Feudal Age
12:41 Double-Bit Axe
22:41 Castle Age
21:24 Gold Mining
21:14 Horse Collar
22:20 Forging
23:40 Medium Warships
23:41 Bow Saw
24:30 Iron Casting
31:48 Fishing Lines
31:29 Demolition Ship
33:29 Gillnets
35:48 Town Watch
37:07 Wheelbarrow
41:26 Imperial Age
39:55 Gold Shaft Mining
40:15 Scale Barding Armor
40:46 Marauders
41:08 Hand Cart
41:39 Chain Barding Armor
41:24 Heavy Plow
42:55 Plate Barding Armor
42:41 Conscription
43:29 Two-Man Saw
43:05 Bloodlines
42:55 Husbandry
42:29 Elite Tarkan
43:38 Stone Mining
45:44 Blast Furnace
46:45 Coinage
47:52 Light Cavalry
53:35 Banking
54:59 Hussar
56:30 Fletching
57:24 Bodkin Arrow
Bz_青红
12:07 Feudal Age
15:48 Castle Age
15:28 Scale Mail Armor
16:05 Loom
16:06 Town Watch
16:44 Chain Mail Armor
18:09 Forging
24:53 Squires
31:56 Wheelbarrow
31:08 Double-Bit Axe
31:11 Horse Collar
35:02 Heavy Plow
35:14 Bow Saw
38:46 Imperial Age
40:01 Fletching
40:33 Conscription
41:52 Chemistry
40:49 Bodkin Arrow
41:30 Bracer
42:20 Red Cliffs Tactics
42:58 Ballistics
44:09 Elite Fire Archer
46:12 Padded Archer Armor
47:59 Leather Archer Armor
48:00 Pikeman
49:12 Plate Mail Armor
57:45 Two-Man Saw
57:02 Hand Cart
59:22 Coinage
64:39 Elite Skirmisher
64:46 Elite Skirmisher
happy gay
9:00 Loom
12:13 Feudal Age
16:23 Castle Age
18:35 Scale Mail Armor
20:48 Scale Mail Armor
24:29 Horse Collar
25:58 Town Watch
32:08 Wheelbarrow
39:03 Imperial Age
37:27 Scale Barding Armor
38:07 Fletching
38:18 Padded Archer Armor
38:51 Bodkin Arrow
38:28 Elite Skirmisher
38:56 Double-Bit Axe
39:50 Leather Archer Armor
40:48 Chemistry
40:09 Ballistics
41:38 Conscription
41:54 Bracer
42:25 Ring Archer Armor
45:22 Thumb Ring
46:26 Siege Engineers
46:44 Grand Trunk Road
46:40 Gold Mining
48:58 Conscription
49:44 Shatagni
51:14 Siege Elephant
51:18 Elite Ghulam
52:18 Chain Mail Armor
53:18 Forging
55:13 Iron Casting
54:43 Heavy Plow
57:04 Blast Furnace
57:26 Siege Elephant
60:19 Hand Cart
63:50 Coinage
62:55 Light Cavalry
63:45 Bloodlines
63:35 Husbandry
64:00 Chain Barding Armor
64:44 Hoardings
65:33 Banking
66:25 Plate Barding Armor
DKDFCD
3:02 Loom
12:26 Feudal Age
13:09 Double-Bit Axe
13:11 Town Watch
15:14 Wheelbarrow
18:13 Forging
23:07 Castle Age
21:29 Gold Mining
22:26 Horse Collar
24:08 Medium Warships
24:48 Bow Saw
30:49 Fletching
32:48 Heavy Plow
32:48 Bodkin Arrow
39:23 Scale Mail Armor
40:29 Chain Mail Armor
42:05 Hand Cart
46:11 Imperial Age
44:02 Stone Mining
44:48 Gold Shaft Mining
47:16 Conscription
47:11 Furor Celtica
47:12 Heavy Scorpion
47:54 Padded Archer Armor
48:30 Conscription
48:04 Capped Ram
49:20 Guilds
51:11 Ballistics
51:39 Siege Engineers
53:15 Chemistry
52:53 Stone Shaft Mining
53:41 Stronghold
54:30 Hoardings
54:20 Leather Archer Armor
54:38 Siege Ram
64:50 Ring Archer Armor
65:33 Coinage
66:55 Iron Casting
66:36 Chain Mail Armor
ZiZi
5:09 Loom
13:07 Feudal Age
13:47 Double-Bit Axe
16:30 Forging
19:04 Castle Age
20:05 Medium Warships
20:56 Bow Saw
27:31 Horse Collar
31:13 Wheelbarrow
31:08 Gold Mining
32:30 Hand Cart
36:55 Imperial Age
35:11 Gold Shaft Mining
34:53 Scale Mail Armor
35:07 Stone Mining
35:13 Stone Mining
35:08 Eagle Warrior
35:49 Squires
36:35 Chain Mail Armor
36:28 Arson
36:32 Gambesons
37:22 Elite Eagle Warrior
38:40 Plate Mail Armor
40:28 Garland Wars
42:00 Iron Casting
42:35 Stone Shaft Mining
42:26 Arson
44:10 Blast Furnace
43:26 Capped Ram
46:21 Man-at-Arms
47:15 Long Swordsman
47:49 Pikeman
48:13 Two-Handed Swordsman
54:52 Heavy Plow
64:35 Champion
65:42 Champion
Connection lost

Rejoining the realm…

Still unreachable

The connection could not be restored.

Session expired

The server has moved on; the page needs a fresh start.